 Dungeon Crawl Stone Soup version 0.32-a0-30-gefbe487952 (webtiles) character file.

Game seed: 9994540555979227057

7440 Morbidden the Digger (level 10, -12/92 HPs)
             Began as a Troll Earth Elementalist on Jan 19, 2024.
             Was an Elder of Cheibriados.
             Mangled by a catoblepas (25 damage)
             ... on level 9 of the Dungeon.
             The game lasted 00:15:53 (9952 turns).

Morbidden the Digger (Troll Earth Elementalist)     Turns: 9952, Time: 00:15:53

Health: -12/92     AC: 10    Str: 28    XL:     10   Next: 93%
Magic:  0/17       EV: 14    Int: 28    God:    Cheibriados [****..]
Gold:   540        SH:  0    Dex: 29    Spells: 12/19 levels left

rFire   + .          .
                       - Unarmed
rCold   . . .        (no shield)
rNeg    . . .        p - +1 robe "Cyiseosm" {Int+3 Dex+3}
rPois   .            i - +2 hat
rElec   .            J - +2 cloak
rCorr   .            (gloves unavailable)
SInv    .            (boots unavailable)
Will    .....        e - amulet of guardian spirit
Stlth   +++          q - +6 ring of dexterity
HPRegen 1.15/turn    D - ring of protection from fire
MPRegen 0.15/turn

%: guardian spirit
@: inugami summoned, very slow
A: large, unfitting armour, claws 3, regeneration 1, shaggy fur 1, tough skin 1
a: Renounce Religion, Bend Time, Temporal Distortion, Slouch


You were on level 9 of the Dungeon.
You worshipped Cheibriados.
Cheibriados was greatly pleased with you.
You visited 2 branches of the dungeon, and saw 10 of its levels.

You collected 540 gold pieces.

Inventory:

Hand Weapons
 g - a +1 scimitar of flaming
Missiles
 f - 55 stones (quivered)
 k - 36 poisoned darts
Armour
 i - a +2 hat (worn)
 p - the +1 robe "Cyiseosm" (worn) {Int+3 Dex+3}
   (You found it on level 3 of the Dungeon)

   Int+3:     It affects your intelligence (+3).
   Dex+3:     It affects your dexterity (+3).
 G - +1 steam dragon scales
 J - a +2 cloak (worn)
Jewellery
 a - a ring of willpower
 e - an amulet of guardian spirit (around neck)
 q - a +6 ring of dexterity (left claw)
 s - a +6 ring of dexterity
 D - a ring of protection from fire (right claw)
 L - a ring of fire
Talismans
 w - a talisman of death
Wands
 r - a wand of polymorph (6)
 t - a wand of charming (9)
 y - a wand of flame (8)
 B - a wand of quicksilver (9)
Scrolls
 c - a scroll of enchant weapon
 h - a scroll of noise
 j - 7 scrolls of identify
 l - 2 scrolls of teleportation
 m - 2 scrolls of amnesia
 o - a scroll of fog
 x - a scroll of poison
 E - a scroll of blinking
Potions
 b - 3 potions of magic
 d - a potion of berserk rage {unknown}
 n - 4 potions of might
 u - a potion of heal wounds
 v - 3 potions of attraction
 A - a potion of mutation {unknown}
 C - a potion of cancellation {unknown}
 H - a potion of brilliance {unknown}
 K - a potion of invisibility {unknown}


   Skills:
 * Level 4.1 Fighting
 + Level 1.4 Throwing
 * Level 4.6 Dodging
 + Level 1.4 Stealth
 * Level 5.4 Unarmed Combat
 * Level 5.4 Spellcasting
 * Level 4.1 Conjurations
 * Level 3.0 Summonings
 * Level 7.3 Earth Magic
 + Level 0.4 Evocations
 * Level 3.6 Shapeshifting


You had 12 spell levels left.
You knew the following spells:

 Your Spells              Type           Power      Damage    Failure   Level
a - Sandblast             Erth           96%        2d20      1%          1
b - Stone Arrow           Conj/Erth      78%        3d11      1%          3
z - Call Canine Familiar  Summ           24%        N/A       5%          3

Your spell library contained the following spells:

 Spells                   Type           Power      Damage    Failure   Level
 Summon Small Mammal      Summ           96%        N/A       1%          1
 Passwall                 Erth           48%        N/A       1%          3
 Shock                    Conj/Air       76%        1d7       2%          1
 Sting                    Conj/Alch      76%        1d7       2%          1
 Apportation              Tloc           14%        N/A       6%          1
 Freeze                   Ice            28%        1d5       6%          1
 Necrotise                Necr           28%        1d5       6%          1
 Brom's Barrelling Bould  Conj/Erth      39%        2d6       6%          4
 Hailstorm                Conj/Ice       19%        3d7       9%          3
 Ensorcelled Hibernation  Hex/Ice        14%        N/A       10%         2
 Leda's Liquefaction      Alch/Erth      14%        N/A       14%         4
 Petrify                  Alch/Erth      28%        N/A       14%         4
 Frozen Ramparts          Ice            14%        1d3       19%         3
 Fugue of the Fallen      Necr           7%         N/A       19%         3
 Swiftness                Air            7%         N/A       19%         3
 Summon Blazeheart Golem  Fire/Summ      16%        N/A       34%         4
 Airstrike                Air            3%         2d(1-17)  54%         4
 Anguish                  Hex/Necr       3%         N/A       54%         4
 Metabolic Englaciation   Hex/Ice        3%         N/A       87%         5


Dungeon Overview and Level Annotations

Branches:
Dungeon (9/15)             Temple (1/1) D:6
   Lair: D:8-11         Orc: D:9-12

Altars:
Ashenzari
Cheibriados
Dithmenos
Elyvilon
Fedhas
Gozag
Hepliaklqana
Kikubaaqudgha
Makhleb
Nemelex Xobeh
Okawaru
Qazlal
Ru
Sif Muna
Trog
Uskayaw
Vehumet
Wu Jian
Yredelemnul
Zin
The Shining One

Annotations:
D:7 1 runed translucent door, Crazy Yiuf, Jeremiah
D:9 1 runed translucent door


Innate Abilities, Weirdness & Mutations

You are too large for most types of armour.
You have claws for hands.
Your natural rate of healing is unusually fast.
You are covered in fur. (AC +1)
You have tough skin. (AC +1)


Message History

The catoblepas barely misses you.
Unknown command.
Unknown command.
You scratch the catoblepas but do no damage.
The catoblepas is moderately wounded.
The catoblepas misses you.
Unknown command.
Unknown command.
You claw the catoblepas!
The catoblepas is heavily wounded.
The catoblepas gores you!
Unknown command.
Unknown command.
Casting: Call Canine Familiar (mildly dangerous; 5% risk of failure)
Confirm with . or Enter, or press ? or * to list all spells.
You call for your canine familiar and it appears with a howl!
The catoblepas gores you!!
* * * LOW HITPOINT WARNING * * *
You hear an angry buzzing noise.
Unknown command.
Unknown command.
Unknown command.
Unknown command.
You scratch the catoblepas but do no damage.
The catoblepas is heavily wounded.
Unknown command.
Unknown command.
You scratch the catoblepas.
The catoblepas is heavily wounded.
The catoblepas breathes a plume of calcifying dust at you.
The blast of calcifying dust hits you but does no damage.
Unknown command.
Unknown command.
Unknown command.
The catoblepas attacks as it pursues you!
The catoblepas gores you!
* * * LOW HITPOINT WARNING * * *
Your inugami hits the catoblepas but does no damage.
The catoblepas gores you!!
You die...

#........##)##.#.#.#.###..
#..........#####.#.#.# #..
#......).###..####.#.###.<
#.....)####....#####..##.#
.. #....####..##...##
###.#.. #.
#..####..#####...#####.#.#
.. #####..##..#
##.....).##.. #####.
###..##.)#####...#######.#
...... #..##.)##@.##...##
#..
......####..##hY###...##
#.#
.........###..##..#..##
#.# ...........###.Y######
#.. .............###..#
#.#
...............###..c.cYy
#..
.................#######[
#.#
.........#######...)###
#..
.#...###.#..........))###
#..


You could see a catoblepas (ally target) and a friendly inugami (summoned).

Vanquished Creatures
  Erica (D:9)
  A two-headed ogre (D:9)
  A centaur warrior (D:9)
  Maurice (D:7)
  A shadow (D:9)
  2 wyverns (D:9)
  4 steam dragons
  Menkaure (D:7)
  4 water moccasins
  A sky beast (D:7)
  7 orc warriors
  2 black bears
  4 centaurs (D:9)
  A phantom (D:5)
  2 kobold brigands (D:7)
  2 bullfrogs (D:7)
  2 gnoll sergeants (D:9)
  2 scorpions (D:6)
  16 wights
  4 killer bees (D:9)
  3 jellies
  4 orc priests
  A bombardier beetle (D:5)
  3 hounds
  A sleepcap (D:6)
  Jessica (D:3)
  5 orc wizards
  Ijyb (D:3)
  Terence (D:3)
  4 iguanas
  13 gnolls
  4 adders
  2 shadow imps (D:8)
  6 ufetubi
  A dart slug (D:2)
  3 ribbon worms
  35 orcs
  10 ball pythons
  10 endoplasms
  2 giant cockroaches
  8 goblins
  10 hobgoblins
  11 jackals
  3 quokkas
  7 bats
  2 frilled lizards
  23 kobolds
  4 rats
237 creatures vanquished.

Vanquished Creatures (others)
  A dart slug (D:2)
1 creature vanquished.

Grand Total: 238 creatures vanquished

Notes
Turn   | Place    | Note
-------+----------+-------------------------------------------
     0 | D:1      | Morbidden the Troll Earth Elementalist began the quest for
                  | the Orb.
     0 | D:1      | Reached XP level 1. HP: 16/16 MP: 1/1
    81 | D:1      | Reached skill level 3 in Earth Magic
    82 | D:1      | Reached XP level 2. HP: 12/24 MP: 2/2
   311 | D:1      | Reached XP level 3. HP: 30/32 MP: 0/4
  1131 | D:2      | Found a faded altar of an unknown god.
  1198 | D:2      | Reached skill level 1 in Unarmed Combat
  1202 | D:2      | Learned a level 3 spell: Stone Arrow
  1284 | D:2      | Found a basalt altar of Yredelemnul.
  1637 | D:3      | Identified the +1 robe "Cyiseosm" {Int+3 Dex+3}
  1779 | D:3      | Noticed Terence
  1788 | D:3      | Killed Terence
  1789 | D:3      | Reached XP level 4. HP: 40/40 MP: 0/5
  1970 | D:3      | Noticed a black bear
  1984 | D:3      | Killed a black bear
  1985 | D:3      | Reached skill level 1 in Fighting
  1985 | D:3      | Reached skill level 1 in Conjurations
  1985 | D:3      | Reached XP level 5. HP: 31/48 MP: 0/7
  2174 | D:3      | Noticed Ijyb
  2192 | D:3      | Killed Ijyb
  2233 | D:3      | Noticed Jessica
  2238 | D:3      | Killed Jessica
  2239 | D:3      | Reached skill level 4 in Earth Magic
  2239 | D:3      | Reached XP level 6. HP: 57/57 MP: 3/8
  2991 | D:3      | Found a faded altar of an unknown god.
  2996 | D:3      | Found a white marble altar of Elyvilon.
  4160 | D:4      | Learned a level 3 spell: Call Canine Familiar
  4170 | D:5      | Entered Level 5 of the Dungeon
  4316 | D:5      | Found a blossoming altar of Fedhas.
  4517 | D:5      | Found a hazy altar of Hepliaklqana.
  4517 | D:5      | Found a stormy altar of Qazlal.
  4546 | D:5      | Reached XP level 7. HP: 62/63 MP: 5/10
  5370 | D:6      | Found a staircase to the Ecumenical Temple.
  5404 | Temple   | Entered the Ecumenical Temple
  5409 | Temple   | Became a worshipper of Cheibriados the Contemplative
  5460 | D:6      | Found a shadowy altar of Dithmenos.
  5549 | D:6      | Reached skill level 1 in Shapeshifting
  5601 | D:6      | Reached skill level 1 in Throwing
  5601 | D:6      | Reached XP level 8. HP: 39/71 MP: 4/12
  5668 | D:6      | Reached skill level 5 in Earth Magic
  5825 | D:6      | Reached skill level 1 in Summonings
  5826 | D:6      | Reached * piety under Cheibriados
  6209 | D:6      | Found an ancient bone altar of Kikubaaqudgha.
  6490 | D:6      | Found a broken altar of Ashenzari.
  6737 | D:7      | Noticed Menkaure
  6739 | D:7      | Killed Menkaure
  6763 | D:7      | Found a bloodstained altar of Trog.
  6848 | D:7      | Reached ** piety under Cheibriados
  6861 | D:7      | Reached XP level 9. HP: 80/80 MP: 11/14
  7077 | D:7      | Found a runed translucent door.
  7078 | D:7      | Noticed Crazy Yiuf
  7117 | D:7      | Noticed Jeremiah
  7196 | D:7      | Noticed Maurice
  7203 | D:7      | Maurice stole 52 gold
  7206 | D:7      | Maurice stole a ring of protection from fire
  7209 | D:7      | Killed Maurice
  7210 | D:7      | Reached skill level 6 in Earth Magic
  7850 | D:8      | Reached *** piety under Cheibriados
  8859 | D:9      | Reached XP level 10. HP: 91/91 MP: 9/16
  9067 | D:9      | Found a sacrificial altar of Ru.
  9291 | D:9      | Noticed Erica
  9314 | D:9      | Killed Erica
  9314 | D:9      | Reached **** piety under Cheibriados
  9315 | D:9      | Reached skill level 5 in Spellcasting
  9404 | D:9      | Noticed a deep elf pyromancer
  9408 | D:9      | Found a runed translucent door.
  9498 | D:9      | Noticed a two-headed ogre
  9524 | D:9      | Killed a two-headed ogre
  9525 | D:9      | Reached skill level 5 in Unarmed Combat
  9715 | D:9      | Reached skill level 7 in Earth Magic
  9818 | D:9      | Identified the +1 robe "Huce Nyps" {rPois}
  9892 | D:9      | Noticed a centaur warrior
  9894 | D:9      | Noticed a catoblepas
  9901 | D:9      | Killed a centaur warrior
  9952 | D:9      | Mangled by a catoblepas

Illustrated notes

Levels and vault maps discovered:
D:1:      lemuel_arrival_hallway, layout_basic, minmay_split_cup_small
D:2:      layout_basic, basic_altar, ebering_ecumenical_altar_webs,
          nrook_campfire
D:3:      layout_basic, nicolae_overflow_ecumenical_swirl, uniq_ijyb,
          uniq_jessica, uniq_terence
D:4:      layout_cave_pools
D:5:      layout_cave_pods, mainiacjoe_overflow_six_doors_small,
          gammafunk_temple_overflow_elements
D:6:      layout_loops_ring, mainiacjoe_overflow_boulevard,
          overflow_temple_1_default, grunt_dithmenos_smoke, temple_pool_b
D:7:      lemuel_ice_spiral_2, layout_basic, trog_hazing_becter, uniq_maurice,
          uniq_menkaure, uniq_crazy_yiuf_cottage, uniq_jeremiah
D:8:      black_bear_nest_2, layout_cave_pools, minmay_orc_keep
D:9:      minmay_the_grid_triangle_9x9_rhombus_full
          [minmay_the_grid_triangle_9x9_subtriangle,
          minmay_the_grid_triangle_9x9_skeleton,
          minmay_the_grid_triangle_9x9_shrine,
          minmay_the_grid_triangle_9x9_cache,
          minmay_the_grid_triangle_9x9_empty,
          minmay_the_grid_triangle_9x9_stretched_checkered,
          minmay_the_grid_triangle_9x9_sprig,
          minmay_the_grid_triangle_9x9_prize_center], layout_stronghold,
          mainiacjoe_overflow_surrounded_room,
          nicolae_ru_great_annihilating_truth, uniq_erica
Temple:   minmay_freezing_vapour_temple

Skill      XL: |  1  2  3  4  5  6  7  8  9 10 |
---------------+-------------------------------+-----
Earth Magic    | 3 4 5 6 7 |  7.3
Unarmed Combat | 1 2 3 4 5 |  5.4
Fighting       | 1 2 3 4 |  4.1
Spellcasting   | 2 3 4 5 |  5.4
Conjurations   | 1 2 3 4 |  4.1
Dodging        | 2 3 4 |  4.6
Shapeshifting  | 1 2 3 |  3.6
Throwing       | 1 |  1.4
Summonings     | 1 2 3 |  3.0
Stealth        | |  1.4
Evocations     | |  0.4

Action                     |  1- 3 |  4- 6 |  7- 9 | 10-12 || total
---------------------------+-------+-------+-------+-------++-------
  Melee: Unarmed           |    44 |    74 |   162 |   111 ||   391
         Punch             |     1 |     2 |     5 |     4 ||    12
  Throw: Dart              |       |    20 |     2 |     6 ||    28
         Stone             |       |     7 |    49 |     7 ||    63
   Cast: Sandblast         |    38 |    92 |   140 |    19 ||   289
         Stone Arrow       |       |       |     7 |    13 ||    20
         Call Canine Famil |       |       |     1 |     2 ||     3
  Evoke: Wand              |       |       |     2 |     5 ||     7
    Use: Scroll            |       |       |     9 |     6 ||    15
         Potion            |       |       |     6 |     3 ||     9
   Stab: Sleeping          |       |       |     3 |       ||     3
 Armour: Robe              |    31 |    80 |   181 |   126 ||   418
         Steam dragon scal |       |       |     7 |       ||     7
         Skin              |       |       |       |    11 ||    11
  Dodge: Dodged            |    31 |    66 |   180 |    84 ||   361

Table legend: (Time is in decaauts)
 A = Elapsed time spent in this place.
 B = Non-inter-level travel time spent in this place.
 C = Inter-level travel time spent in this place.
 D = Time resting spent in this place.
 E = Time spent auto-exploring this place.
 F = Levels seen in this place.
 G = Mean time per level.
                   A        B        C        D        E       F      G
               +--------+--------+--------+--------+--------+-----+--------+
         Total |  11219 |  10786 |    433 |    544 |   8372 |  10 | 1121.9 |
       Dungeon |  11207 |  10774 |    433 |    544 |   8372 |   9 | 1245.2 |
        Temple |     11 |     11 |      0 |      0 |      0 |   1 |   11.0 |
               +--------+--------+--------+--------+--------+-----+--------+

Top non-repeatable levels by time:
     D:3: 1778 daAuts
     D:6: 1597 daAuts
     D:8: 1514 daAuts
     D:9: 1373 daAuts
     D:7: 1328 daAuts
     D:5: 1169 daAuts
     D:1: 885 daAuts
     D:4: 796 daAuts
     D:2: 762 daAuts
  Temple: 11 daAuts
